 Dungeon Crawl Stone Soup version 0.31-a0-202-g547052bce9 (webtiles) character file.

Game seed: 12755076201043207583

70 qw the Shooter (level 4, -1/25 HPs)
             Began as a Deep Elf Hunter on June 26, 2023.
             Slain by a goblin
             ... wielding a +0 dagger
             ... led by Robin
              (2 damage)
             ... on level 2 of the Dungeon.
             The game lasted 00:00:27 (1319 turns).

qw the Shooter (Deep Elf Hunter)                    Turns: 1319, Time: 00:00:28

Health: -1/25      AC:  5    Str: 10    XL:     4   Next: 4%
Magic:  6/6        EV: 11    Int: 14    God:
Gold:   102        SH:  0    Dex: 18    Spells: 3/3 levels left

rFire   . . .        Y - +0 shortbow
rCold   . . .        (shield currently unavailable)
rNeg    . . .        f - +0 ring mail
rPois   .            (no helmet)
rElec   .            (no cloak)
rCorr   .            (no gloves)
SInv    .            (no boots)
Will    .....        (no amulet)
Stlth   +            (no ring)
HPRegen 0.24/turn    (no ring)
MPRegen 0.10/turn

%: no passive effects
@: no status effects
A: no striking features
a: no special abilities


You were on level 2 of the Dungeon.
You visited 1 branch of the dungeon, and saw 2 of its levels.

You collected 102 gold pieces.


   Skills:
 - Level 1.5 Fighting
 + Level 7.4 Ranged Weapons
 - Level 2.4 Dodging
 - Level 1.2 Stealth


You had 3 spell levels left.
You didn't know any spells.
Your spell library was empty.

Inventory:

Hand Weapons
 Y - a +0 shortbow (weapon)
Armour
 f - a +0 ring mail (worn)
Jewellery
 c - an amulet of the acrobat
Scrolls
 a - 2 scrolls of identify
 b - a scroll of amnesia {unknown}
 d - a scroll of teleportation {unknown}
Potions
 g - a potion of invisibility {unknown}

Dungeon Overview and Level Annotations

Branches:
Dungeon (2/15)

Altars:

Annotations:
D:2 1 runed translucent door, Crazy Yiuf, Robin


Message History

You shoot an arrow. The arrow hits the hobgoblin!
You kill the hobgoblin!
The goblin hits you but does no damage.
The hobgoblin hits you but does no damage. x2
The hobgoblin closely misses you.
You have reached level 4!
You feel clever.
You shoot an arrow.
The arrow completely misses the hobgoblin.
The arrow closely misses the quokka.
The hobgoblin hits you but does no damage.
The goblin hits you but does no damage. The hobgoblin barely misses you.
You shoot an arrow. The arrow hits the hobgoblin.
The hobgoblin is moderately wounded.
The hobgoblin closely misses you. The goblin closely misses you.
The hobgoblin closely misses you.
You shoot an arrow. The arrow closely misses the hobgoblin.
The arrow hits the ball python!
You kill the ball python!
The hobgoblin hits you but does no damage.
The goblin hits you with a +0 dagger. The hobgoblin barely misses you.
You shoot an arrow. The arrow hits the hobgoblin.
The hobgoblin is severely wounded.
The goblin no longer looks unusually strong.
The hobgoblin hits you but does no damage.
The goblin barely misses you.
The hobgoblin hits you but does no damage.
Robin roars a battlecry!
The goblin goes into a battle-frenzy!
You shoot an arrow. The arrow barely misses the hobgoblin.
The arrow barely misses Robin.
The goblin hits you with a +0 dagger. The hobgoblin closely misses you.
You shoot an arrow. The arrow hits the hobgoblin!
You kill the hobgoblin!
The goblin barely misses you. The hobgoblin barely misses you.
The hobgoblin hits you. The goblin hits you but does no damage.
Robin closely misses you.
You shoot an arrow. The arrow hits Robin!
Robin is moderately wounded.
The hobgoblin barely misses you. The goblin hits you with a +0 dagger.
You die...

#.#.............. #
....................?..#
.....###.#.#...#.......#
#....#...............>..
#....#.#.#.#............
.....#.#...#.###g..%...#
#....#%###.#.# #gg)..........
#....#.# #.#.# #ggr..$........
#....#.###.#.###@#.#..#.#....##
.....#..........g..............
#.............................
....##.###.#.#######..#.#....#
#. #.# #..............#....####
#.# ###.....................
#.# #########.........#### #.#
#.........###. #.#
#.............


You could see Robin, a quokka, 2 hobgoblins and 3 goblins.

Vanquished Creatures
  2 adders (D:2)
  6 ball pythons
  3 bats
  5 endoplasms
  4 giant cockroaches
  8 goblins
  10 hobgoblins
  A frilled lizard (D:1)
  A kobold (D:1)
  5 rats (D:1)
45 creatures vanquished.

Notes
Turn   | Place    | Note
-------+----------+-------------------------------------------
     0 | D:1      | qw the Deep Elf Hunter began the quest for the Orb.
     0 | D:1      | Reached XP level 1. HP: 12/12 MP: 3/3
     0 | D:1      | 0 ||| qw: Version: 0.3-a-22-g0ed2b0b
     0 | D:1      | 0 ||| qw: Game counter: 6345
     0 | D:1      | 0 ||| qw: Melee chars always use a shield: true
     0 | D:1      | 0 ||| qw: God list: Okawaru
     0 | D:1      | 0 ||| qw: Allow faded altars: false
     0 | D:1      | 0 ||| qw: Do Orc after clearing Dungeon:15 true
     0 | D:1      | 0 ||| qw: Do second Lair branch before Depths: true
     0 | D:1      | 0 ||| qw: Lair rune preference: random
     0 | D:1      | 0 ||| qw: Goals: Normal
     0 | D:1      | 0 ||| PLANNING D:1-11
   202 | D:1      | Reached XP level 2. HP: 16/16 MP: 4/4
   209 | D:1      | Reached skill level 6 in Ranged Weapons
   450 | D:1      | 450 ||| DROPPING +1 sling of freezing.
   461 | D:1      | Reached XP level 3. HP: 20/20 MP: 5/5
   729 | D:1      | 729 ||| UPGRADING to +0 ring mail.
   739 | D:1      | 739 ||| DROPPING +0 leather armour.
   740 | D:1      | 740 ||| READING 2 scrolls labelled MULICE ZOAMIFA.
   741 | D:1      | 741 ||| READING scroll labelled GUIJOMA NEANO.
   742 | D:1      | 742 ||| READING scroll labelled QUEKKU CEDGHOSI.
   743 | D:1      | 743 ||| DROPPING scroll of butterflies.
  1042 | D:2      | Reached skill level 7 in Ranged Weapons
  1046 | D:2      | HP: 5/20 [poisoned by an adder]
  1170 | D:2      | Found a runed translucent door.
  1171 | D:2      | Noticed Crazy Yiuf
  1303 | D:2      | Noticed Robin
  1310 | D:2      | HP: 5/20 [goblin/+0 dagger[Robin] (5)]
  1313 | D:2      | Reached XP level 4. HP: 7/25 MP: 6/6
  1315 | D:2      | HP: 6/25 [goblin/+0 dagger[Robin] (2)]
  1318 | D:2      | HP: 1/25 [hobgoblin[Robin] (4)]
  1319 | D:2      | Slain by a goblin

Levels and vault maps discovered:
D:1:      tarquinn_simple_flora_water_b, layout_rooms, serial_rivers,
          chequers_serial_rivers_room_a, chequers_serial_rivers_large_a,
          chequers_serial_rivers_large_b, chequers_serial_rivers_marsh,
          chequers_serial_rivers_marsh, serial_bayou_lagoon_a,
          kennysheep_decorative_pillar
D:2:      cheibrodos_old_hovel, layout_basic, uniq_robin,
          uniq_crazy_yiuf_cottage

Skill      XL: |  1  2  3 |
---------------+----------+-----
Ranged Weapons | 6 7 |  7.4
Fighting       | |  1.5
Dodging        | |  2.4
Stealth        | |  1.2

Action                     |  1- 3 |  4- 6 || total
---------------------------+-------+-------++-------
   Fire: Shortbow          |    95 |     7 ||   102
    Use: Scroll            |     3 |       ||     3
 Armour: Leather armour    |     2 |       ||     2
         Ring mail         |    15 |     6 ||    21
  Dodge: Dodged            |    27 |    11 ||    38

Table legend:
 A = Non-vault XP
 B = Vault XP
 C = Vault XP percentage of total XP
 D = Non-vault monster count
 E = Vault monster count
 F = Vault count percentage of total count
                 A         B        C        D         E       F
            +---------+---------+-------+---------+---------+-------
      Total |      88 |      13 |  12.9 |      38 |       7 |  15.6
            +---------+---------+-------+---------+---------+-------
        D:1 |      43 |       0 |   0.0 |      25 |       0 |   0.0
        D:2 |      45 |      13 |  22.4 |      13 |       7 |  35.0
            +---------+---------+-------+---------+---------+-------
